 Dungeon Crawl Stone Soup version 0.22-a0-422-g9628fc8 (webtiles) character file.

114 4thArraOfDagon the Firebug (level 4, -1/30 HPs)
             Began as a Mummy Fire Elementalist on May 16, 2018.
             Was an Initiate of Vehumet.
             Killed by miscasting Sticky Flame (16 damage)
             ... on level 3 of the Dungeon.
             The game lasted 00:02:19 (793 turns).

4thArraOfDagon the Firebug (Mummy Fire Elementalist) Turns: 793, Time: 00:02:20

Health: -1/30      AC:  2    Str: 11    XL:     4   Next: 66%
Magic:  5/9        EV: 12    Int: 15    God:    Vehumet [......]
Gold:   106        SH:  0    Dex: 12    Spells: 1/9 levels left

rFire    x . .     SeeInvis .   c - +2 short sword (drain)
rCold    + . .     Gourm    .   (no shield)
rNeg     + + +     Faith    .   a - +0 robe
rPois    ∞         Spirit   .   (no helmet)
rElec    .         Reflect  .   (no cloak)
rCorr    .         Harm     .   (no gloves)
MR       .....                  (no boots)
Stlth    ++........             (no amulet)
HPRegen  0.10/turn              (no ring)
MPRegen  0.11/turn              (no ring)

@: very slightly contaminated
A: no food or potions, fire vulnerability, cold resistance 1, negative energy
resistance 3, torment resistance, unbreathing
a: Renounce Religion


You were on level 3 of the Dungeon.
You worshipped Vehumet.
Vehumet was noncommittal.
You were not hungry.

You visited 1 branch of the dungeon, and saw 3 of its levels.

You collected 106 gold pieces.

Inventory:

Hand Weapons
 c - a +2 short sword of draining (weapon)
Armour
 a - a +0 robe (worn)
Scrolls
 b - 2 scrolls of blinking {unknown}
 d - a scroll of noise {unknown}
 e - 3 scrolls of remove curse {unknown}
 f - a scroll of fear {unknown}
 g - a scroll of magic mapping {unknown}
 h - a scroll of identify {unknown}


   Skills:
 + Level 0.1 Fighting
 + Level 0.4 Short Blades
 - Level 1.5 Dodging
 - Level 1.5 Stealth
 + Level 3.4 Spellcasting
 * Level 1.6 Conjurations
 * Level 3.8 Fire Magic


You had one spell level left.
You knew the following spells:

 Your Spells              Type           Power        Failure   Level  Hunger
a - Flame Tongue          Conj/Fire      ##...        6%          1    N/A
b - Conjure Flame         Conj/Fire      ##......     19%         3    N/A
c - Sticky Flame          Conj/Fire      ##......     52%         4    N/A

Your spell library contained the following spells:

 Spells                   Type           Power        Failure   Level  Hunger
 Fireball                 Conj/Fire      ##........   86%         5    N/A
 Throw Flame              Conj/Fire      ##....       10%         2    N/A
 Inner Flame              Hex/Fire       #.......     26%         3    N/A

Dungeon Overview and Level Annotations

Branches:
Dungeon (3/15)

Altars:
Vehumet

Annotations:
D:3 Borgoz's ghost, amateur GrAK; Ijyb


Innate Abilities, Weirdness & Mutations

You do not eat or drink.
Your flesh is vulnerable to fire.
You are immune to poison.
Your flesh is cold resistant. (rC+)
You are immune to negative energy. (rN+++)
You are immune to unholy pain and torment.
You can survive without breathing.


Message History

Aim: Ijyb, wielding a dagger, wearing a leather armour and carrying a wand of polymorph (16)
Okay, then.
Casting: Flame Tongue (safe; 6% risk of failure)
Confirm with . or Enter, or press ? or * to list all spells.
The spell is very dangerous to cast (52% risk of failure)!
Continue anyway?
Okay, then.
Ijyb is nearby!
Unknown command.
Unknown command.
Casting: Sticky Flame (very dangerous; 52% risk of failure)
Confirm with . or Enter, or press ? or * to list all spells.
The spell is very dangerous to cast (52% risk of failure)!
Continue anyway?
Aiming: Sticky Flame (very dangerous; 52% risk of failure)
Press: ? - help, Shift-Dir - straight line, f - Ijyb
Aim: Ijyb, wielding a dagger, wearing a leather armour and carrying a wand of polymorph (16)
You miscast Sticky Flame.
You are very lightly contaminated with residual magic.
You are caught in a violent explosion!
The explosion engulfs you!
Ouch! That really hurt!
You die...

#.. #..### ##........
#.#######....#####..#
#.. ..#.#..[....##.##
..# #.#.##......##.#
#.###.#.##......##.#
...##.#.........##.#
._......##....).##.#
...#.#####......##.#
#.##.# ######.@#.#
#....# ##.g.# ..####
##..# #.# #### ..#
###


You could see Ijyb.

Vanquished Creatures
  An orc priest (D:3)
  An orc wizard (D:3)
  3 adders (D:3)
  A dart slug (D:1)
  4 orcs
  A giant cockroach (D:3)
  5 goblins
  2 hobgoblins
  2 kobolds
  A quokka (D:3)
  5 bats
  2 frilled lizards
  2 rats
30 creatures vanquished.

Notes
Turn   | Place    | Note
-------+----------+-------------------------------------------
     0 | D:1      | 4thArraOfDagon the Mummy Fire Elementalist began the quest for the Orb.
     0 | D:1      | Reached XP level 1. HP: 13/13 MP: 4/4
   164 | D:1      | Reached skill level 1 in Conjurations
   219 | D:1      | Reached XP level 2. HP: 12/19 MP: 1/5
   326 | D:2      | Reached XP level 3. HP: 20/24 MP: 1/7
   331 | D:2      | Learned a level 3 spell: Conjure Flame
   501 | D:3      | Reached XP level 4. HP: 8/30 MP: 0/8
   626 | D:3      | Noticed Borgoz's ghost (amateur GrAK)
   669 | D:3      | Learned a level 4 spell: Sticky Flame
   737 | D:3      | Found a radiant altar of Vehumet.
   745 | D:3      | Became a worshipper of Vehumet
   775 | D:3      | Noticed Ijyb
   793 | D:3      | Killed by miscasting Sticky Flame

Vault maps used:
D:1:      saegor_arrival_under_anarchy
D:2:      first_ration, okawaru_altar_gauntlet_db
D:3:      nicolae_overflow_crystal_walls, uniq_ijyb

Skill      XL: |  1  2  3 |
---------------+----------+-----
Conjurations   | 1 |  1.6
Fire Magic     | 3 |  3.8
Spellcasting   | 3 |  3.4
Fighting       | |  0.1
Short Blades   | |  0.4
Dodging        | |  1.5
Stealth        | |  1.5

Action                   |  1- 3 |  4- 6 || total
-------------------------+-------+-------++-------
Melee: Short sword       |    22 |     3 ||    25
 Cast: Flame Tongue      |    25 |    19 ||    44
Armor: Robe              |     7 |       ||     7
Dodge: Dodged            |    29 |     4 ||    33

Table legend:
 A = Spawn XP
 B = Non-spawn XP
 C = Spawn XP percentage of total XP
 D = Spawn monster count
 E = Non-spawn monster count
 F = Spawn count percentage of total count
 G = Total turns spent on level
                    A         B        C        D         E        F      G
               +---------+---------+-------+---------+---------+-------+---------
         Total |       0 |     163 |   0.0 |       0 |      30 |   0.0 |   793
               +---------+---------+-------+---------+---------+-------+---------
           D:1 |       0 |      14 |   0.0 |       0 |       7 |   0.0 |   238
           D:2 |       0 |      13 |   0.0 |       0 |       7 |   0.0 |   237
           D:3 |       0 |     136 |   0.0 |       0 |      16 |   0.0 |   318
               +---------+---------+-------+---------+---------+-------+---------
